[Event "Early-Titled-Tuesday-Blitz-March-19-2024"]
[Site "Chess.com"]
[Date "2024.03.19"]
[Round "4"]
[White "Matibar"]
[Black "ragnaroek66"]
[Result "1-0"]
[WhiteElo "2780"]
[BlackElo "2522"]
[TimeControl "180+1"]
[EndTime "8:39:43 PDT"]
[Termination "Matibar won by resignation"]

1. c4 e6 2. Nf3 d5 3. e3 Nf6 4. b3 Bd6 5. Bb2 O-O 6. Be2 dxc4 7. bxc4 Re8 8. d4 b6 9. O-O Bb7 10. Nc3 Nbd7 11. a4 e5 12. a5 exd4 13. exd4 Nf8 14. a6 Bc6 15. d5 Bd7 16. Nd4 Ng6 17. Ncb5 Bc5 18. Nc6 Bxc6 19. dxc6 Nf4 20. Bf3 Nd3 21. Bxf6 gxf6 22. Bd5 Ne5 23. Qh5 Kh8 24. Rad1 Qe7 25. Qf5 Rg8 26. g3 Rg5 27. Qe4 Rag8 28. Kh1 Rh5 29. Kg2 Rg4 30. Qe2 Rh6 31. f4 Ng6 32.
Qxg4 1-0

[Event "Early-Titled-Tuesday-Blitz-March-19-2024"]
[Site "Chess.com"]
[Date "2024.03.19"]
[Round "4"]
[White "ChessWarrior3"]
[Black "Zurability"]
[Result "1-0"]
[WhiteElo "2488"]
[BlackElo "2708"]
[TimeControl "180+1"]
[EndTime "8:39:44 PDT"]
[Termination "ChessWarrior3 won by checkmate"]

1. b3 a5 2. h4 a4 3. Ba3 Nf6 4. h5 h6 5. g3 d5 6. Bg2 Nc6 7. Nf3 Bg4 8. c4 d4 9. d3 Bxh5 10. Nbd2 Bg6 11. bxa4 Nd7 12. Rb1 Ra7 13. c5 e5 14. Nh4 Bh7 15. Nc4 Be7 16. Rxb7 Rxb7 17. Bxc6 Qb8 18. Nxe5 Rb1 19. Bc1 Qb4+ 20. Kf1 Qxc5 21. Bxd7+ Kd8 22. Kg2 Qxe5 23. Nf3 Qd5 24. Bb5 g5 25. Qc2 Ra1 26. e4 dxe3 27. Qb2 Rg8 28. Qxa1 g4 29. Bxe3 gxf3+ 30. Kg1 Qd6 31. Qd4 Rg6 32. Qxd6+ Rxd6 33. Rh5 Bf8 34. Bc5 Re6 35.
Bxf8 Re1+ 36. Kh2 Re2 37. Rxh6 Rxf2+ 38. Kh3 Bg6 39. Bc5 Rf1 40. Rh8# 1-0

[Event "Early-Titled-Tuesday-Blitz-March-19-2024"]
[Site "Chess.com"]
[Date "2024.03.19"]
[Round "4"]
[White "Mikhail_Golubev"]
[Black "JERO-8914"]
[Result "1-0"]
[WhiteElo "2716"]
[BlackElo "2450"]
[TimeControl "180+1"]
[EndTime "8:39:44 PDT"]
[Termination "Mikhail_Golubev won by resignation"]

1. e4 c6 2. d3 d5 3. Nd2 e5 4. Ngf3 Bd6 5. g3 Nf6 6. Bg2 O-O 7. O-O h6 8. Re1 Re8 9. a4 a5 10. h3 Nbd7 11. c3 b6 12. Nh4 Ba6 13. exd5 cxd5 14. Nf5 Nc5 15. d4 Nd3 16. Nxd6 Qxd6 17. dxe5 Qc5 18.
Re3 Rxe5 19. Nf3 Rxe3 20. Bxe3 Qc7 21. Qb3 Bc4 22. Qc2 Rc8 23. Nd4 Ne5 24. Re1 Bd3 25. Qd2 Be4 26. Bf4 Nc4 27. Qc1 Qc5 28. Bxh6 gxh6 29.
Qxh6 Nh7 30. Bxe4 dxe4 31. Rxe4 Qf8 32. Rg4+ Kh8 33. Qf4 Rc6 34. Rh4 Qd6 35. Nxc6 Qxc6 36. Qxf7 1-0

[Event "Early-Titled-Tuesday-Blitz-March-19-2024"]
[Site "Chess.com"]
[Date "2024.03.19"]
[Round "4"]
[White "ulises2013"]
[Black "KVAIDAN"]
[Result "1-0"]
[WhiteElo "2706"]
[BlackElo "2334"]
[TimeControl "180+1"]
[EndTime "8:39:46 PDT"]
[Termination "ulises2013 won on time"]

1. e4 e5 2. g3 d5 3. Bg2 dxe4 4.
Bxe4 Nf6 5. Bg2 Nc6 6. Ne2 Bg4 7. h3 Bh5 8. Nbc3 Nd4 9. d3 Bf3 10. O-O h5 11. Bxf3 Nxf3+ 12. Kg2 Nd4 13. Nxd4 exd4 14. Re1+ Be7 15. Ne4 Qd5 16. Qf3 O-O-O 17. Ng5 Rd7 18.
Qxd5 Nxd5 19. Nxf7 Rf8 20. Ne5 Rd6 21. Bd2 Bf6 22. Nc4 Rd7 23. a4 Nb6 24. b3 Nxc4 25. bxc4 Kd8 26. Rab1 b6 27. Rb5 g6 28. Bg5 Re7 29.
Rd5+ Rd7 30. Rb5 c6 31. Bxf6+ Rxf6 32. Rbe5 Kc7 33. R1e2 Kd6 34. f4 Rc7 35. Kf3 Rf5 36. Re6+ Kc5 37. Rxg6 Kb4 38. g4 hxg4+ 39. hxg4 Rf8 40.
f5 Kxa4 41. f6 a5 42. g5 Kb4 43. Rh6 a4 44. Kf4 a3 45. Kf5 a2 46. Rh1 Kc3 47. Ra1 Ra7 48. g6 Kb2 49. Ree1 Kxc2 50. Rxa2+ Rxa2 51.
Re2+ Kxd3 52. Rxa2 Kxc4 53. g7 Rd8 54. f7 d3 55.
g8=Q d2 56. Qxd8 d1=Q 57. Qxd1 1-0

[Event "Early-Titled-Tuesday-Blitz-March-19-2024"]
[Site "Chess.com"]
[Date "2024.03.19"]
[Round "4"]
[White "Rutvij09"]
[Black "vasblesk"]
[Result "0-1"]
[WhiteElo "2515"]
[BlackElo "2780"]
[TimeControl "180+1"]
[EndTime "8:39:47 PDT"]
[Termination "vasblesk won by resignation"]

1. e4 e5 2. Nf3 Nf6 3. Nxe5 d6 4. Nf3 Nxe4 5. Nc3 Nxc3 6. dxc3 Be7 7. Be3 Nc6 8. Qd2 Be6 9. a3 Qd7 10. O-O-O a6 11.
Ng5 Bxg5 12. Bxg5 f6 13. Bh4 O-O-O 14. f4 Rhe8 15. Bf2 Bg4 16. Re1 Rxe1+ 17. Qxe1 Re8 18. Qd2 d5 19. Bd3 Bf5 20. Rd1 Bxd3 21. Qxd3 Re4 22. g3 Ne7 23. Bc5 c6 24. Bb6 Nf5 25. c4 Rxc4 26.
g4 Nd6 27. Qxh7 Rxf4 28. Qg8+ Ne8 29. h3 Re4 30. Kb1 Qe6 31. Qh8 Kd7 32. Rd3 Ke7 33.
Bc5+ Kd7 34. Qf8 Re1+ 35. Ka2 Re2 36. b3 Rxc2+ 37. Kb1 Re2 0-1

[Event "Early-Titled-Tuesday-Blitz-March-19-2024"]
[Site "Chess.com"]
[Date "2024.03.19"]
[Round "4"]
[White "UK_23"]
[Black "ChessSwole"]
[Result "1-0"]
[WhiteElo "2390"]
[BlackElo "2699"]
[TimeControl "180+1"]
[EndTime "8:39:47 PDT"]
[Termination "UK_23 won by resignation"]

1. e4 c5 2. Nf3 e6 3. g3 Nc6 4.
Bg2 Nf6 5. Qe2 d6 6. O-O Be7 7. Rd1 Qb6 8. c3 e5 9. d4 cxd4 10. cxd4 Bg4 11. dxe5 dxe5 12. Be3 Qa5 13. Nc3 O-O 14.
h3 Bxf3 15. Bxf3 Rfd8 16. Nd5 Rac8 17. a3 Qa4 18. b4 Kh8 19. Kg2 Re8 20. h4 h6 21. g4 Nxd5 22. exd5 Nd4 23. Bxd4 exd4 24.
Qd3 Rc3 25. Qxd4 Bf6 26. Qf4 Bxh4 27. d6 Qd7 28. Rh1 Bd8 29. Bd5 Kg8 30. Rae1 Rf8 31. Re4 Bg5 32. Qf5 Qxd6 33. Re8 g6 34. Qxf7+ Kh8 35. Rxf8+ 1-0

[Event "Early-Titled-Tuesday-Blitz-March-19-2024"]
[Site "Chess.com"]
[Date "2024.03.19"]
[Round "4"]
[White "GeorgiosSouleidis"]
[Black "Cheer_Down"]
[Result "1-0"]
[WhiteElo "2693"]
[BlackElo "2448"]
[TimeControl "180+1"]
[EndTime "8:39:47 PDT"]
[Termination "GeorgiosSouleidis won by resignation"]

1. e4 e5 2. Nc3 Nf6 3. d4 exd4 4.
Qxd4 Nc6 5. Qd3 Be7 6. Bf4 O-O 7.
O-O-O d6 8. f3 Be6 9. Kb1 a6 10.
h4 b5 11. h5 h6 12. Qd2 b4 13. Nd5 Bxd5 14. exd5 Ne5 15. g4 a5 16. g5 hxg5 17. Bxg5 b3 18. cxb3 a4 19. b4 a3 20. h6 g6 21. h7+ Kh8 22. b3 Rb8 23. f4 Ned7 24. Nf3 Nh5 25. Nd4 Bxg5 26. fxg5 Ne5 27. Rg1 Kxh7 28. Be2 Qd7 29. Rh1 Kg7 30. Bxh5 gxh5 31.
Qf2 Qg4 32. Qf6+ Kg8 33. Nf5 Qe4+ 34. Ka1 1-0

[Event "Early-Titled-Tuesday-Blitz-March-19-2024"]
[Site "Chess.com"]
[Date "2024.03.19"]
[Round "4"]
[White "arenal72"]
[Black "Sina_Movahed"]
[Result "0-1"]
[WhiteElo "2676"]
[BlackElo "3086"]
[TimeControl "180+1"]
[EndTime "8:39:48 PDT"]
[Termination "Sina_Movahed won by checkmate"]

1. Nf3 Nf6 2. g3 g6 3. Bg2 Bg7 4. O-O O-O 5. d3 c5 6. e4 Nc6 7. c3 d6 8. Qe2 Rb8 9. h3 b5 10. d4 b4 11. d5 Na5 12. c4 Ba6 13.
Nbd2 Nd7 14. Rb1 b3 15. axb3 Nxb3 16. Nxb3 Rxb3 17. Qc2 Qb8 18. Ra1 Bc8 19. Nd2 Rb4 20. Ra2 a5 21. b3 a4 22. Rxa4 Rxa4 23. bxa4 Ba6 24. Ba3 Qc7 25. Rb1 Ra8 26. Bf1 Bc8 27.
Bb2 Bxb2 28. Rxb2 Qa5 29. Ra2 Ne5 30. Kg2 g5 31. f4 gxf4 32. gxf4 Ng6 33. Kf3 Bd7 34.
Rb2 Bxa4 35. Qb1 Qc3+ 36. Kg4 Bd7+ 37. Kh5 Nxf4+ 38. Kh6 Qg7# 0-1

[Event "Early-Titled-Tuesday-Blitz-March-19-2024"]
[Site "Chess.com"]
[Date "2024.03.19"]
[Round "4"]
[White "Chessbard1972"]
[Black "valeriocarnicelli"]
[Result "0-1"]
[WhiteElo "2333"]
[BlackElo "2538"]
[TimeControl "180+1"]
[EndTime "8:39:48 PDT"]
[Termination "valeriocarnicelli won on time"]

1. d4 Nf6 2. c4 c5 3. d5 b5 4. cxb5 a6 5. b6 g6 6. Nc3 d6 7. Nf3 Nbd7 8. Nd2 Bg7 9. e4 O-O 10. Be2 Nxb6 11. a4 a5 12. O-O Ne8 13. Bb5 Nc7 14.
Bc6 Rb8 15. Re1 Na6 16. Nf3 Nb4 17. Bb5 Bg4 18. Be2 Bxf3 19. Bxf3 Nc4 20. Be2 Ne5 21. f4 Nd7 22. Bg4 Nb6 23. Be2 c4 24. Be3 Qd7 25.
Qd2 Rfc8 26. Rec1 Nd3 27. Bxd3 cxd3 28. Qxd3 Nc4 29. Bd4 Nxb2 30. Qe3 Nc4 31. Qf2 Rb2 32. Ne2 Rxe2 33. Qxe2 Bxd4+ 34. Kh1 Bxa1 35. Rxa1 Qa7 36.
Rc1 Qd4 37. Rd1 Qe3 38. Qg4 Rb8 39. f5 Ne5 40. Qh4 Qd3 41. Rg1 Rb1 42. h3 Rxg1+ 43. Kxg1 Qe3+ 44. Kh2 g5 45. Qh6 Qf4+ 46. Kh1 Qg3 47.
f6 exf6 48. Qxf6 Ng6 49. Qd4 Nf4 50. Qd2 f6 0-1

[Event "Early-Titled-Tuesday-Blitz-March-19-2024"]
[Site "Chess.com"]
[Date "2024.03.19"]
[Round "4"]
[White "koncheto"]
[Black "jocmil"]
[Result "0-1"]
[WhiteElo "2508"]
[BlackElo "2769"]
[TimeControl "180+1"]
[EndTime "8:39:49 PDT"]
[Termination "jocmil won on time"]

1. e4 c6 2. d4 d5 3. Nc3 g6 4.
Nf3 Bg7 5. Bd3 dxe4 6. Nxe4 Nf6 7. c3 O-O 8. O-O a5 9. Re1 Na6 10. h3 Nc7 11. Nxf6+ exf6 12. a4 Nd5 13. Nd2 Nf4 14.
Bc2 Ne6 15. Qf3 c5 16. dxc5 Nxc5 17. Ne4 Ne6 18. Be3 f5 19. Nc5 Qc7 20. Nxe6 Bxe6 21.
Rad1 h5 22. Bf4 Qb6 23. Re2 Rad8 24. Red2 Rxd2 25. Rxd2 Qxb2 26. Bxf5 Qxc3 27. Qxc3 Bxc3 28. Rc2 Bb4 29. Bxe6 fxe6 30. Be5 Re8 31. Rc7 Re7 32. Rc8+ Kf7 33. Rh8 Rd7 34. Rh7+ Ke8 35. Rg7 Rxg7 36. Bxg7 Kd7 37. Kf1 Kc6 38. Ke2 Kd5 39. Kd3 e5 40. g3 e4+ 41. Ke3 Bc5+ 0-1

[Event "Early-Titled-Tuesday-Blitz-March-19-2024"]
[Site "Chess.com"]
[Date "2024.03.19"]
[Round "4"]
[White "baki83"]
[Black "Njal28"]
[Result "1-0"]
[WhiteElo "2863"]
[BlackElo "3063"]
[TimeControl "180+1"]
[EndTime "8:39:50 PDT"]
[Termination "baki83 won on time"]

1. e4 e5 2. Nf3 Nc6 3. Bb5 a6 4. Ba4 Nf6 5. O-O d6 6. Re1 Bd7 7. c3 g6 8. d4 Bg7 9. Nbd2 O-O 10. Nf1 Nh5 11. Bg5 Qe8 12. Bb3 Kh8 13. h3 f6 14.
Be3 f5 15. exf5 gxf5 16. dxe5 dxe5 17. Ng5 Nd8 18. Bc5 Rf6 19. Rxe5 Qxe5 20. Qxh5 Rh6 21.
Qf7 Qe8 22. Qxe8+ Bxe8 23. Re1 Bc6 24. Ng3 Rg6 25. h4 h6 26. Nh3 b6 27. Be7 Nb7 28. Nf4 Rg4 29. Ngh5 Nc5 30. Bd1 Rxf4 31. Nxf4 Re8 32.
Re3 Ne4 33. f3 Rxe7 34. Ng6+ Kh7 35. Nxe7 Bf8 36. Nxc6 Bc5 37. Nd4 1-0

[Event "Early-Titled-Tuesday-Blitz-March-19-2024"]
[Site "Chess.com"]
[Date "2024.03.19"]
[Round "4"]
[White "Dacean99"]
[Black "Pumpkin_in_moonlight"]
[Result "1-0"]
[WhiteElo "2647"]
[BlackElo "2247"]
[TimeControl "180+1"]
[EndTime "8:39:50 PDT"]
[Termination "Dacean99 won on time"]

1. e4 c5 2. c3 g6 3. d4 cxd4 4. cxd4 d5 5. e5 Bg7 6. Nc3 Nc6 7. h3 f6 8. f4 Nh6 9. g4 fxe5 10. fxe5 Nf7 11.
Bg2 Be6 12. Nf3 Qd7 13. O-O O-O-O 14. Qa4 h5 15. Bf4 hxg4 16. hxg4 Bxg4 17. Rac1 Be6 18. Nb5 Kb8 19. Rc5 Bh6 20. Bxh6 Nxh6 21. Ng5 Nf5 22. Nxe6 Qxe6 23. Rxc6 Qxc6 24. Qxa7+ Kc8 25. Qa5 Kd7 26. Nc3 e6 27. Rc1 Ra8 28. Qb4 Ne3 29. Ne2 Qa6 30. Bf3 Rhc8 31. Rc3 Rc4 32. Qb3 Rac8 33. Rxe3 Rc1+ 34. Kf2 Qc6 35. Nxc1 Qxc1 36. Qxb7+ Rc7 37.
Qb5+ Ke7 38. Qb4+ Kf7 39. Be2 Rc2 40. Rf3+ Kg7 41. Qf8+ Kh7 42. Rh3+ 1-0

[Event "Early-Titled-Tuesday-Blitz-March-19-2024"]
[Site "Chess.com"]
[Date "2024.03.19"]
[Round "4"]
[White "Anton_Demchenko"]
[Black "Alexchess1984"]
[Result "1-0"]
[WhiteElo "3018"]
[BlackElo "2764"]
[TimeControl "180+1"]
[EndTime "8:39:52 PDT"]
[Termination "Anton_Demchenko won on time"]

1. e4 c5 2. Nf3 g6 3. d4 cxd4 4. Nxd4 Bg7 5. c4 Nc6 6. Be3 Nf6 7. Nc3 O-O 8. Be2 d6 9. Qd2 Bd7 10.
f3 Nxd4 11. Bxd4 a5 12. b3 Bc6 13. O-O Nd7 14. Bf2 Nc5 15. Rac1 Qb6 16. Nb5 Bxb5 17.
cxb5 e5 18. Rfd1 Rfd8 19. Bc4 Qc7 20. Bh4 Qb6 21. Kh1 Rd7 22. Bf2 Rad8 23. Be1 a4 24.
Bh4 Re8 25. Bf2 axb3 26. Bxc5 Qxc5 27. Bxf7+ Rxf7 28. Rxc5 dxc5 29. axb3 h5 30. Qa2 Bf8 31. Kg1 Ree7 32. Rd8 Rd7 33. Qa8 Rxd8 34. Qxd8 Kg7 35. Kf2 Be7 36. Qd5 b6 37. Qxe5+ Bf6 38. Qd5 Bd4+ 39.
Ke2 Ra7 40. e5 Ra2+ 41. Kd3 Ra1 42. Qd7+ Kh6 43. e6 Rd1+ 44. Kc4 Rc1+ 45. Kd5 Bg7 46.
Kc6 c4 47. bxc4 Rxc4+ 48. Kxb6 1-0

[Event "Early-Titled-Tuesday-Blitz-March-19-2024"]
[Site "Chess.com"]
[Date "2024.03.19"]
[Round "4"]
[White "secrethawk1"]
[Black "Matrix3x3a"]
[Result "0-1"]
[WhiteElo "2437"]
[BlackElo "2627"]
[TimeControl "180+1"]
[EndTime "8:39:52 PDT"]
[Termination "Matrix3x3a won on time"]

1. d4 Nf6 2. Bf4 d5 3. e3 c5 4. c3 Nc6 5. Nd2 Qb6 6. Qc2 cxd4 7. exd4 Bg4 8. Ngf3 e6 9. h3 Bf5 10. Bd3 Bxd3 11.
Qxd3 Be7 12. O-O O-O 13. b4 Qd8 14. a4 a6 15. Nb3 Ne4 16. Nc5 Nxc5 17. bxc5 b6 18.
cxb6 Qxb6 19. Rfb1 Qd8 20. Ne5 Na5 21. Bh2 Bf6 22. Nf3 Nc4 23. Nd2 Rc8 24. Rb4 Be7 25. Rb7 Bd6 26. Bxd6 Nxd6 27. Ra7 a5 28. Rb1 Ra8 29.
Rxa8 Qxa8 30. Rb6 Qd8 31. Qa6 Qg5 32. Rxd6 Qxd2 33. Qxa5 h5 34. Qb4 Qe1+ 35. Kh2 Qxf2 36.
a5 Qf4+ 37. Kg1 Rc8 38. a6 Qc1+ 39. Kh2 Qf4+ 40. Kg1 Qe3+ 41. Kh2 Rxc3 42. Rd8+ Kh7 43. Qb8 Rc1 44. Rh8+ Kg6 0-1

[Event "Early-Titled-Tuesday-Blitz-March-19-2024"]
[Site "Chess.com"]
[Date "2024.03.19"]
[Round "4"]
[White "grandcoach"]
[Black "HandKnit"]
[Result "1-0"]
[WhiteElo "2263"]
[BlackElo "2497"]
[TimeControl "180+1"]
[EndTime "8:39:52 PDT"]
[Termination "grandcoach won by resignation"]

1. e4 d6 2. d4 Nf6 3. Nc3 e5 4. Nf3 Nbd7 5. Bc4 Be7 6. O-O O-O 7. Re1 c6 8. a4 a5 9. Bb3 exd4 10. Nxd4 Nc5 11. Ba2 Re8 12. h3 Bf8 13. Qf3 d5 14. e5 Nfd7 15. Bf4 Qb6 16. Rab1 Nxa4 17. Nf5 Nac5 18.
Qg3 Kh8 19. Nd6 Bxd6 20. exd6 Ne6 21. Be5 Nxe5 22. Rxe5 Bd7 23. Rh5 Kg8 24. Qh4 Nf8 25. Bb3 Re6 26. Rd1 Rxd6 27. Ne4 Rg6 28. Ng5 h6 29.
Nf3 Re8 30. Re5 Rge6 31. Rde1 Rxe5 32. Rxe5 Rxe5 33. Nxe5 Qc7 34. Qe7 Ne6 35. Qxf7+ Kh7 36. Nxd7 1-0

[Event "Early-Titled-Tuesday-Blitz-March-19-2024"]
[Site "Chess.com"]
[Date "2024.03.19"]
[Round "4"]
[White "axvesik"]
[Black "atalz0"]
[Result "1-0"]
[WhiteElo "2567"]
[BlackElo "2370"]
[TimeControl "180+1"]
[EndTime "8:39:53 PDT"]
[Termination "axvesik won on time"]

1. e4 d5 2. exd5 Nf6 3. d4 Nxd5 4.
c4 Nb6 5. Nf3 Bg4 6. Be2 Nc6 7.
d5 Bxf3 8. Bxf3 Ne5 9. Be2 e6 10.
f4 Ng6 11. dxe6 Qxd1+ 12. Kxd1 fxe6 13. Kc2 Bd6 14. g3 e5 15. f5 Ne7 16. Bh5+ Kd7 17.
Bg4 h5 18. Bh3 Ke8 19. b3 Nc6 20. Bb2 Nd4+ 21. Bxd4 exd4 22. Nd2 c5 23. Nf3 Kd8 24. Ng5 Rg8 25. Rae1 Be7 26. Ne6+ Kd7 27. Nxg7 Bf6 28.
Nxh5 Raf8 29. Re6 Bg5 30. f6 Kc7 31. Rf1 Nd7 32. Re7 Rd8 33. Ng7 Kd6 34. Ne6 Bxf6 35.
Rxd7+ Rxd7 36. Rxf6 Ke5 37. Rh6 Rd6 38. Rh5+ Kf6 39.
Nf4 1-0

[Event "Early-Titled-Tuesday-Blitz-March-19-2024"]
[Site "Chess.com"]
[Date "2024.03.19"]
[Round "4"]
[White "awesomevishesh"]
[Black "Vse_po_kaify"]
[Result "0-1"]
[WhiteElo "2615"]
[BlackElo "2454"]
[TimeControl "180+1"]
[EndTime "8:39:54 PDT"]
[Termination "Vse_po_kaify won on time"]

1. a3 c5 2. e4 Nc6 3. Nf3 e5 4. Bc4 g6 5. d3 h6 6. c3 Bg7 7. b4 d6 8. Be3 Qe7 9. Nbd2 Nf6 10. h3 O-O 11. Nb3 b6 12. Qd2 Kh7 13. g4 Ne8 14. Bd5 Bb7 15. h4 Nd8 16. c4 Ne6 17. h5 g5 18. Nh2 Nf4 19. Bxb7 Qxb7 20. f3 Nc7 21.
Nf1 Nce6 22. Ng3 b5 23. Na5 Qc7 24. cxb5 d5 25. Rc1 dxe4 26. fxe4 Rad8 27. Rc3 Qd7 28. Nc6 cxb4 29. axb4 Qb7 30. Nxd8 Rxd8 31. O-O Qxb5 32. Rd1 Qxb4 33. Rc2 Qb5 34. Qc3 Nd4 35. Bxd4 Rxd4 36. Rb2 Qa4 37. Qd2 Rxd3 38. Qxd3 Nxd3 39. Rxd3 Qa1+ 40. Kg2 Qxb2+ 41. Kf3 a5 42. Nf5 a4 43. Rd7 a3 44. Kg3 a2 45. Rxf7 Qb3+ 46. Kg2 Qxf7 47. Kh3 Qb3+ 48. Kg2 a1=Q 49. Kh2 Qaa2+ 0-1

[Event "Early-Titled-Tuesday-Blitz-March-19-2024"]
[Site "Chess.com"]
[Date "2024.03.19"]
[Round "4"]
[White "Louis-Paulsen-Fan"]
[Black "chess94cu"]
[Result "0-1"]
[WhiteElo "2282"]
[BlackElo "2632"]
[TimeControl "180+1"]
[EndTime "8:39:55 PDT"]
[Termination "chess94cu won by resignation"]

1. d4 Nf6 2. Nf3 d6 3. c4 Nbd7 4. Bf4 g6 5. h3 Bg7 6. Nc3 O-O 7. e3 b6 8. Be2 Bb7 9. O-O a6 10. Rc1 Qe8 11. d5 h6 12. Nd4 e5 13. dxe6 fxe6 14. Bh2 e5 15. Nb3 a5 16. Nd5 Rc8 17. Bf3 e4 18.
Be2 Ne5 19. Nxf6+ Rxf6 20. Nd4 Qe7 21. a3 Rcf8 22. b4 axb4 23. axb4 R6f7 24. c5 bxc5 25.
bxc5 dxc5 26. Nb3 c4 27. Bxe5 Bxe5 28. Bxc4 Bd6 29. Qg4 Kg7 30. Nd4 Bc8 31. Be6 h5 32. Qxe4 c5 33. Qd5 Bb7 34. Qb3 cxd4 35. Bxf7 Rxf7 36.
exd4 Qe4 37. f3 Qxd4+ 38. Kh1 Qf4 39. Kg1 Qh2+ 40. Kf2 Rxf3+ 41. Ke1 Rxb3 0-1

[Event "Early-Titled-Tuesday-Blitz-March-19-2024"]
[Site "Chess.com"]
[Date "2024.03.19"]
[Round "4"]
[White "Zhigalko_Sergei"]
[Black "HansOnTwitch"]
[Result "0-1"]
[WhiteElo "2855"]
[BlackElo "3082"]
[TimeControl "180+1"]
[EndTime "8:39:56 PDT"]
[Termination "HansOnTwitch won on time"]

1. e4 c6 2. d4 d5 3. e5 Bf5 4.
Nf3 e6 5. Be2 Nd7 6. O-O h6 7.
Nbd2 Ne7 8. a4 g5 9. a5 Bg7 10. Nb3 O-O 11. Bd2 b6 12. Bb4 c5 13. dxc5 Nc6 14. Ba3 bxc5 15. Nxc5 Ndxe5 16. Nxe5 Nxe5 17. Nb7 Qc7 18. Bxf8 Bxf8 19. a6 g4 20. Bd3 Nxd3 21. cxd3 h5 22. Qd2 Bg7 23. Rfc1 Qb6 24. Rc2 h4 25.
Nc5 h3 26. gxh3 gxh3 27. Qg5 Bg6 28. Rac1 Kh7 29. Qh4+ Bh6 30. Qxh3 Rg8 31. Kh1 Qb4 32. Rg1 Rc8 33. Rgc1 Rc6 34. Kg1 Qf4 35. Qg3 Qf5 36. Nd7 Rxa6 37. Ne5 Ra4 0-1

[Event "Early-Titled-Tuesday-Blitz-March-19-2024"]
[Site "Chess.com"]
[Date "2024.03.19"]
[Round "4"]
[White "Misterfox120"]
[Black "Evandro_Barbosa"]
[Result "0-1"]
[WhiteElo "2428"]
[BlackElo "2683"]
[TimeControl "180+1"]
[EndTime "8:39:56 PDT"]
[Termination "Evandro_Barbosa won on time"]

1. d4 Nf6 2. Bf4 e6 3. e3 b6 4. Qf3 d5 5. Nc3 Bb7 6. O-O-O Bb4 7. Nge2 O-O 8. g4 Nbd7 9. h4 c5 10. h5 Rc8 11. g5 Ne4 12. Nxe4 dxe4 13. Qg3 cxd4 14.
Nxd4 Bd5 15. Kb1 Qe7 16. c3 Bc5 17. Nb3 Rfd8 18. g6 Nf6 19. Ba6 Bb7 20. Bxb7 Qxb7 21. Nxc5 bxc5 22. gxf7+ Qxf7 23. Rxd8+ Rxd8 24. h6 g6 25. Bg5 Rd2 26. Qb8+ Ne8 27. a3 Kf8 28. Bf4 Qd7 29.
Be5 a5 30. Bg7+ Kf7 31. Qf4+ Ke7 32. Qf8+ Kd8 33. Qxc5 Nd6 34. Bf6+ Ke8 35. Qxa5 Rxb2+ 36. Ka1 Kf7 37. Be5 Nc4 0-1

[Event "Early-Titled-Tuesday-Blitz-March-19-2024"]
[Site "Chess.com"]
[Date "2024.03.19"]
[Round "4"]
[White "NelsonLinda"]
[Black "agvania123"]
[Result "1-0"]
[WhiteElo "2651"]
[BlackElo "2411"]
[TimeControl "180+1"]
[EndTime "8:39:56 PDT"]
[Termination "NelsonLinda won by resignation"]

1. Nf3 Nf6 2. g3 g6 3. Bg2 Bg7 4. O-O O-O 5. d3 d5 6. Nbd2 c5 7. e4 dxe4 8. Nxe4 Nxe4 9. dxe4 Qxd1 10. Rxd1 Nc6 11. c3 Bg4 12. h3 Bxf3 13. Bxf3 Rfd8 14. Be3 b6 15. Be2 e6 16. f4 Rxd1+ 17. Rxd1 Rd8 18.
Rf1 Kf8 19. Kg2 f5 20. Kf3 Ke7 21. g4 Na5 22. Rg1 fxe4+ 23. Kxe4 c4 24. h4 Kf7 25. h5 gxh5 26. g5 Ke7 27. Bxh5 Rd3 28. Be2 Rd7 29. Rh1 Kf7 30. Rxh7 b5 31. f5 exf5+ 32. Kxf5 Rd5+ 33. Ke4 Re5+ 34. Kf4 Re7 35. Bd4 Kg6 36. Rxg7+ Rxg7 37. Bxg7 Kxg7 38. Bf3 a6 39. Be4 Kf7 40. Ke5 Kg7 41.
Kd6 b4 42. cxb4 c3 43. bxa5 cxb2 44. Kc5 b1=Q 45. Bxb1 1-0

[Event "Early-Titled-Tuesday-Blitz-March-19-2024"]
[Site "Chess.com"]
[Date "2024.03.19"]
[Round "4"]
[White "RedFirePanda"]
[Black "Matols"]
[Result "0-1"]
[WhiteElo "2529"]
[BlackElo "2359"]
[TimeControl "180+1"]
[EndTime "8:39:56 PDT"]
[Termination "Matols won on time"]

1. d4 d5 2. Bf4 Nf6 3. e3 c5 4. c3 Nc6 5. Nd2 Bg4 6. Ngf3 e6 7.
h3 Bxf3 8. Nxf3 Be7 9. Bd3 O-O 10. O-O Rc8 11. Re1 Ne4 12. Bxe4 dxe4 13. Ne5 Nxe5 14. Bxe5 Bf6 15. Bg3 Qd5 16. Qg4 Qf5 17. Qe2 Rfd8 18.
Rad1 a6 19. a3 h5 20. Rf1 h4 21. Bh2 Kh7 22. f3 exf3 23. Rxf3 Qg6 24. Rdf1 cxd4 25. exd4 Rd5 26. Be5 Bxe5 27. dxe5 Rc7 28. Rf4 Qg5 29.
Re4 Rcd7 30. Rff4 Rd1+ 31. Rf1 Rxf1+ 32. Qxf1 Qg3 33. Rg4 Qxe5 34. Rxh4+ Kg8 35. Qf3 Qe1+ 36. Kh2 Qxh4 37. Qe3 Qf6 38. Qb6 Qe5+ 0-1

[Event "Early-Titled-Tuesday-Blitz-March-19-2024"]
[Site "Chess.com"]
[Date "2024.03.19"]
[Round "4"]
[White "Hongjin"]
[Black "BashiqChess"]
[Result "1-0"]
[WhiteElo "2714"]
[BlackElo "2448"]
[TimeControl "180+1"]
[EndTime "8:39:57 PDT"]
[Termination "Hongjin won by resignation"]

1. e4 c6 2. d4 d5 3. exd5 cxd5 4. Nf3 Nc6 5. Ne5 a6 6. Nxc6 bxc6 7. Bd3 Nf6 8. O-O Bg4 9. f3 Bh5 10. Qe1 e6 11. Qh4 Be7 12. Bg5 Bg6 13. Bxg6 fxg6 14.
Nd2 O-O 15. Rfe1 Qd7 16. Qh3 Kf7 17. Re2 h6 18. Bh4 Rfe8 19. Rae1 Nh5 20. Bg3 Nxg3 21. hxg3 Bf6 22. Nb3 Re7 23. c3 Rae8 24. Nc5 Qd6 25.
f4 g5 26. Qh5+ Kg8 27. fxg5 Bxg5 28. Qg6 Bf6 29. Rf1 e5 30. Nb7 Qc7 31. Rxf6 Qxb7 32. dxe5 Rxe5 33. Rxe5 Rxe5 34. Rxc6 Qe7 35. Rc8+ Qf8 36.
Rxf8+ Kxf8 37. Qd6+ Re7 38. Qxd5 1-0

[Event "Early-Titled-Tuesday-Blitz-March-19-2024"]
[Site "Chess.com"]
[Date "2024.03.19"]
[Round "4"]
[White "TimGrutter03"]
[Black "YaWaleriy"]
[Result "0-1"]
[WhiteElo "2555"]
[BlackElo "2429"]
[TimeControl "180+1"]
[EndTime "8:39:57 PDT"]
[Termination "YaWaleriy won on time"]

1. d4 d5 2. Nc3 Nf6 3. Bf4 a6 4. e3 e6 5. g4 c5 6. g5 Nfd7 7.
Nf3 Nc6 8. Qd2 b5 9. h4 Bb7 10. Bg2 Qa5 11. O-O Nb6 12. dxc5 Bxc5 13. Qe2 Nc4 14. Nd1 O-O 15. c3 Qd8 16. b3 Nd6 17. Nb2 Ne4 18. Rac1 Bd6 19. Bxd6 Qxd6 20. Rfd1 Qe7 21.
c4 dxc4 22. bxc4 b4 23. Nd3 Rfd8 24. Nf4 Nc3 25. Rxd8+ Rxd8 26. Qb2 a5 27. a3 Qc5 28.
axb4 axb4 29. Bf1 Na5 30. Nd2 e5 31. Nd3 Nxc4 32. Nxc4 Qxc4 33. Nxe5 Qd5 0-1

[Event "Early-Titled-Tuesday-Blitz-March-19-2024"]
[Site "Chess.com"]
[Date "2024.03.19"]
[Round "4"]
[White "Kolle05"]
[Black "leandrojimenez"]
[Result "1-0"]
[WhiteElo "2577"]
[BlackElo "2406"]
[TimeControl "180+1"]
[EndTime "8:39:58 PDT"]
[Termination "Kolle05 won on time"]

1. e4 e5 2. Nf3 Nc6 3. Bb5 a6 4. Ba4 Nf6 5. O-O b5 6. Bb3 Bc5 7. Re1 O-O 8. c3 d6 9. d4 Bb6 10. a4 Rb8 11. h3 h6 12. Be3 exd4 13. cxd4 Nb4 14. Nc3 Re8 15. d5 Bxe3 16. Rxe3 Bd7 17. Nd4 c5 18. dxc6 Nxc6 19. axb5 Nxd4 20. Qxd4 Bxb5 21. Nxb5 axb5 22. Ra7 Re7 23. e5 Ne8 24. Rxe7 Qxe7 25. exd6 Qf6 26. Qxf6 Nxf6 27. Re7 Rd8 28. Rxf7 Kh8 29. Rb7 Rxd6 30. Rxb5 Rd2 31. Be6 g6 32. b4 Ne4 33. f3 Nc3 34. Rc5 1-0

[Event "Early-Titled-Tuesday-Blitz-March-19-2024"]
[Site "Chess.com"]
[Date "2024.03.19"]
[Round "4"]
[White "shimastream"]
[Black "aistrel"]
[Result "1-0"]
[WhiteElo "3007"]
[BlackElo "2661"]
[TimeControl "180+1"]
[EndTime "8:39:59 PDT"]
[Termination "shimastream won by resignation"]

1. e4 c6 2. d4 d5 3. Nc3 dxe4 4. Nge2 Nf6 5. Ng3 Bg4 6. Be2 Bxe2 7. Qxe2 Qxd4 8. Bf4 Nbd7 9. Rd1 Qb4 10. O-O e5 11.
Bg5 Be7 12. Nf5 Rg8 13. a3 Qxb2 14. Nxe4 Qxa3 15. Ned6+ Kf8 16. Qc4 Bxd6 17. Nxd6 Nd5 18. Rxd5 Nb6 19. Rxe5 Qxd6 20. Qe2 f6 21. Re6 Qd7 22.
Re1 fxg5 23. Re7 Qf5 24. Rxb7 Nd5 25. c4 Qc8 26. Rb3 Qe8 27. Qf3+ Nf6 28. Rxe8+ Rxe8 29. g3 Kf7 30. Qxc6 Re7 31. c5 Rge8 32. Kg2 g4 33.
Rb7 Rxb7 34. Qxb7+ Re7 35. Qb3+ Kg6 36. c6 Ne4 37. Qc2 Kf5 38. c7 Rxc7 39. Qxc7 1-0